cohdb
Replays
Latest Replays
All Replays
Popular Replays
Top Player Replays
Match Explorer
How It Works
Community
CoH3 Stats
Reddit
Sign in to upload your games and track your stats! →
Sign in with Steam
Match 42095416
Unlisted
Match 42095416
Overview
Messages
Build Orders
End
Construct Infanterie Kompanie
Grenadier Squad
Selects Mechanized Battlegroup
MG 42 Machine Gun Team
Grenadier Squad
GrW 34 Mortar Team
Construct Panzergrenadier Kompanie
Selects Raid Package
Pioneer Squad
Pak 40 Anti-tank Gun Team
Support Elements
Selects StuG Assault Group
StuG Assault Group
251 Medium Carrier
Pioneer Squad
StuG Assault Group
Selects Mobile Repair Stations
Selects Wespe Self-propelled Artillery
Wespe Self-propelled Artillery
Raedwulf
KELLATRON
LegendaireNic
[82AD] PaulVmax
Random_Target
A Chunky Chaffinch
0
0
Comments
sign in to comment!
No comments posted yet!